 Dungeon Crawl Stone Soup version 0.30.0-20-g3615ddf2f0 (webtiles) character file.

Game seed: 97151745072367083

48 qw the Chopper (level 3, -9/23 HPs)
             Began as a Gargoyle Fighter on May 29, 2023.
             Mangled by Robin
             ... wielding a +1 heavy mace
              (10 damage)
             ... on level 2 of the Dungeon.
             The game lasted 00:00:29 (620 turns).

qw the Chopper (Gargoyle Fighter)                    Turns: 620, Time: 00:00:29

Health: -9/23      AC: 11    Str: 21    XL:     3   Next: 72%
Magic:  3/3        EV:  9    Int:  8    God:
Gold:   31         SH:  4    Dex:  9    Spells: 2/2 levels left

rFire   . . .        Y - +0 war axe
rCold   . . .        c - +0 buckler
rNeg    + + .        b - +0 scale mail
rPois   inf          (no helmet)
rElec   +            (no cloak)
rCorr   .            h - +0 pair of gloves
SInv    .            (no boots)
Will    .....        (no amulet) Stlth
                     k - ring of positive energy
HPRegen 0.23/turn    (no ring)
MPRegen 0.08/turn

%: no passive effects
@: no status effects
A: sickness immunity, AC +3, negative energy resistance 1, electricity
resistance, torment resistance 1, petrification resistance
a: no special abilities


You were on level 2 of the Dungeon.
You visited 1 branch of the dungeon, and saw 2 of its levels.

You collected 31 gold pieces.


Innate Abilities, Weirdness & Mutations

You are immune to sickness and miasma.
Your stone body is resilient. (AC +3)
You are immune to poison.
You resist negative energy. (rN+)
You are resistant to electric shocks. (rElec)
You are resistant to unholy torment.
You are immune to petrification.


   Skills:
 - Level 3.2 Fighting
 + Level 3.6 Axes
 - Level 3.2 Armour
 - Level 3.2 Shields


You had 2 spell levels left.
You didn't know any spells.
Your spell library was empty.

Inventory:

Hand Weapons
 i - a +0 club
 Y - a +0 war axe (weapon)
Armour
 a - the +7 ring mail of Somewhere Else {rPois Will+}
   (You found it on level 2 of the Dungeon)

   rPois:     It protects you from poison.
   Will:      It increases your willpower.
 b - a +0 scale mail (worn)
 c - a +0 buckler (worn)
 h - a +0 pair of gloves (worn)
Jewellery
 j - a ring of fire
 k - a ring of positive energy (left hand)
Potions
 d - a potion of might
 e - a potion of flight {unknown}
 f - a potion of curing
 g - 2 potions of attraction {unknown}

Dungeon Overview and Level Annotations

Branches:
Dungeon (2/15)

Altars:

Annotations:
D:2 Robin


Message History

You slash Robin!
Robin is heavily wounded.
Robin drinks a potion.
Robin is healed!
You hit Robin.
Robin is moderately wounded.
You hit the hobgoblin. Robin hits you but does no damage.
The hobgoblin hits you but does no damage.
You slash Robin!
Robin is almost dead.
You barely miss the hobgoblin. You hit the goblin.
You kill the goblin!
The hobgoblin completely misses you. Robin hits you but does no damage.
The hobgoblin closely misses you.
You hit Robin but do no damage.
Robin is almost dead.
You closely miss the hobgoblin. You barely miss the adder.
The adder closely misses you. x2; Robin hits you with a +1 heavy mace!
Ouch! That really hurt!
The hobgoblin hits you.
You hit Robin but do no damage.
Robin is almost dead.
You closely miss the adder. You hit the hobgoblin. The adder bites you.
A quokka comes into view.
The hobgoblin hits you but does no damage.
The adder barely misses you. Robin hits you with a +1 heavy mace.
The hobgoblin hits you.
The quokka moves out of view.
You barely miss Robin.
Robin is almost dead.
You barely miss the hobgoblin. You completely miss the adder.
The adder bites you but does no damage. Robin hits you but does no damage.
The adder bites you but does no damage. The hobgoblin closely misses you.
You closely miss Robin.
Robin is almost dead.
You hit the hobgoblin but do no damage. You miss the adder.
The adder bites you but does no damage.
The hobgoblin hits you but does no damage.
Robin hits you with a +1 heavy mace!
You die...

#....)#..#.#
#......))#.#
#.###.##)#.# #.
#.##.#.######### #.
#.##.#'#........
#.###.##.....####### .
#.....##.....#.#####
....#.g...##.....#.#....
....'.g@).##.....#.#..#.
....#.S...##.......#..#.
#.....###..+....##.#..##
###... ####....##.#...#
#... ####'###.#.... #..
#......%...#.# #..
#.##.###...#.. #. #.##.#
#...#.. ###'##.###......


You could see Robin, an adder and a hobgoblin (strong).

Vanquished Creatures
  2 adders (D:2)
  12 goblins
  4 hobgoblins
  A ball python (D:1)
  3 bats (D:1)
  A frilled lizard (D:2)
  A kobold (D:1)
  4 rats
28 creatures vanquished.

Notes
Turn   | Place    | Note
-------+----------+-------------------------------------------
     0 | D:1      | qw the Gargoyle Fighter began the quest for the Orb.
     0 | D:1      | Reached XP level 1. HP: 14/14 MP: 1/1
     0 | D:1      | 0 ||| qw: Version: 0.2-a-101-gf424e7f
     0 | D:1      | 0 ||| qw: Game counter: 305
     0 | D:1      | 0 ||| qw: Always use a shield: true
     0 | D:1      | 0 ||| qw: God list: Okawaru
     0 | D:1      | 0 ||| qw: Allow faded altars: false
     0 | D:1      | 0 ||| qw: Do Orc after D:15 true
     0 | D:1      | 0 ||| qw: Do second Lair branch before Depths: true
     0 | D:1      | 0 ||| qw: Lair rune preference: random
     0 | D:1      | 0 ||| qw: Plans: Normal, Zot:1-4, Slime:5, God:TSO, Crypt,
                  | Tomb, Pan, Hells, Abyss, Win
     0 | D:1      | 0 ||| PLANNING D:1-11
   210 | D:1      | Found a faded altar of an unknown god.
   268 | D:1      | 268 ||| Stepping ~*~*~tactically~*~*~ (stealth).
   286 | D:1      | Reached XP level 2. HP: 19/19 MP: 2/2
   385 | D:1      | 385 ||| UPGRADING to +0 pair of gloves.
   390 | D:1      | 390 ||| UPGRADING to ring of positive energy.
   391 | D:1      | 391 ||| READING scroll labelled KAPRUMN MEQIYG.
   392 | D:1      | 392 ||| READING scroll labelled QOLUTE TIOJYT.
   393 | D:1      | 393 ||| DRINKING 2 white potions.
   438 | D:2      | Identified the +7 ring mail of Somewhere Else {rPois Will+}
   510 | D:2      | Reached skill level 3 in Axes
   516 | D:2      | Reached XP level 3. HP: 21/23 MP: 3/3
   562 | D:2      | 562 ||| Stepping ~*~*~tactically~*~*~ (stealth).
   608 | D:2      | Noticed Robin
   618 | D:2      | HP: 5/23 [adder (2)]
   618 | D:2      | HP: 1/23 [hobgoblin[Robin] (3)]
   620 | D:2      | Mangled by Robin

Levels and vault maps discovered:
D:1:      nicolae_arrival_memento_mori, layout_rooms,
          hellmonk_ecumenical_altar_lost_god, minmay_misc_feat_four_crosses
D:2:      layout_basic, basic_altar, hangedman_abyss_or_decor_lesser_grid,
          minmay_pentomino_s4, uniq_jessica, uniq_sigmund, uniq_robin

Skill      XL: |  1  2 |
---------------+-------+-----
Axes           | 2 3 |  3.6
Fighting       | |  3.2
Armour         | |  3.2
Shields        | |  3.2

Action                     || total
---------------------------++-------
  Melee: War axe           ||    96
    Use: Scroll            ||     2
         Potion            ||     1
 Armour: Scale mail        ||    55
  Dodge: Dodged            ||    44
  Block: Buckler           ||    18

Table legend:
 A = Non-vault XP
 B = Vault XP
 C = Vault XP percentage of total XP
 D = Non-vault monster count
 E = Vault monster count
 F = Vault count percentage of total count
                 A         B        C        D         E       F
            +---------+---------+-------+---------+---------+-------
      Total |      18 |      51 |  73.9 |      13 |      15 |  53.6
            +---------+---------+-------+---------+---------+-------
        D:1 |      12 |       0 |   0.0 |       9 |       0 |   0.0
        D:2 |       6 |      51 |  89.5 |       4 |      15 |  78.9
            +---------+---------+-------+---------+---------+-------
